 Dungeon Crawl Stone Soup version 0.31.0-1-g2c135a008e (webtiles) character file.

Game seed: 8603499895676468473

2061 qw the Skirmisher (level 9, 0/65 HPs)
             Began as a Djinni Hunter on Jan 23, 2024.
             Killed from afar by an acid dragon (25 damage)
             ... with a splash of acid
             ... on level 8 of the Dungeon.
             The game lasted 00:00:25 (5875 turns).

qw the Skirmisher (Djinni Hunter)                   Turns: 5875, Time: 00:00:25

Health: 0/65       AC: 12    Str: 12    XL:     9   Next: 50%
Gold:   285        EV: 14    Int: 18    God:
                   SH:  0    Dex: 24

rFire   + + .        p - +2 arbalest
rCold   x . .        (shield currently unavailable)
rNeg    . . .        r - +0 ring mail {rPois}
rPois   inf          o - +0 helmet
rElec   .            l - +0 cloak
rCorr   .            n - +1 pair of gloves
SInv    +            (boots unavailable)
Will    .....        h - amulet of faith
Stlth   +            c - ring of see invisible
HPRegen 0.30/turn    j - +6 ring of dexterity
MPRegen 0.00/turn

%: faith, infuse magic (-1 HP)
@: flying
A: sickness immunity, fire resistance 2, cold vulnerability 1, float, innate
caster, HP casting, extra vitality 1, iridescent scales 1, clever 2, strong 1,
evolution 1
a: no special abilities


You were on level 8 of the Dungeon.
You visited 2 branches of the dungeon, and saw 9 of its levels.

You collected 357 gold pieces.
You spent 72 gold pieces at shops.


Innate Abilities, Weirdness & Mutations

You are immune to sickness and miasma.
You are immune to poison.
Your flesh is very heat resistant. (rF++)
You are vulnerable to cold. (rC-)
You float through the air rather than walking.
You learn spells naturally, not from books.
Your magical power is your life essence.
You have superior vitality. (+4 MHP)
You are partially covered in iridescent scales. (AC +2)
Your mind is very acute. (Int +8, Str/Dex -2)
Your muscles are strong. (Str +4, Int/Dex -1)
You have hidden genetic potential.


   Skills:
 + Level 5.0 Fighting
 - Level 8.0 Ranged Weapons
 - Level 3.9 Armour
 - Level 6.0 Dodging
 - Level 0.7 Stealth


You knew the following spells:

 Your Spells              Type           Power      Damage    Failure   Level
a - Foxfire               Conj/Fire      0%         2x1d4     43%         1
b - Lesser Beckoning      Tloc           0%         N/A       56%         2
c - Blink                 Tloc           0%         N/A       56%         2
d - Summon Ice Beast      Ice/Summ       0%         N/A       80%         3
Your spell library was empty.

Inventory:

Hand Weapons
 p - a +2 arbalest (weapon)
Armour
 l - a +0 cloak (worn)
 n - a +1 pair of gloves (worn)
 o - a +0 helmet (worn)
 r - a +0 ring mail of poison resistance (worn)
Jewellery
 c - a ring of see invisible (left hand)
 g - the ring "Sohaf" {AC+4 Int+3}
   (You found it on level 7 of the Dungeon)

   [ring of protection]

   AC+4:      It affects your AC (+4).
   Int+3:     It affects your intelligence (+3).
 h - an amulet of faith (around neck)
 j - a +6 ring of dexterity (right hand)
Scrolls
 a - a scroll of identify
 i - a scroll of teleportation
Potions
 b - a potion of berserk rage {unknown}
 d - a potion of curing
 e - a potion of might
 f - a potion of enlightenment
 k - a potion of heal wounds

Dungeon Overview and Level Annotations

Branches:
Dungeon (8/15)             Temple (1/1) D:7
   Lair: D:8-11

Altars:
Ashenzari
Cheibriados
Dithmenos
Elyvilon
Fedhas
Gozag
Hepliaklqana
Makhleb
Nemelex Xobeh
Qazlal
Ru
Trog
Uskayaw
Wu Jian
Xom
Yredelemnul
Zin

Shops:
D:1 !   D:2 *(?[*   D:6 *


Message History

The acid dragon spits acid at you. The splash of acid hits you!!
You shoot a bolt. The black bear growls angrily.
The bolt hits the black bear.
The black bear is lightly wounded.
You shoot a bolt. The bolt hits the black bear!!
The black bear is almost dead.
You shoot a bolt. The bolt hits the black bear!!
You kill the black bear!
Your Dodging skill increases to level 6!
You shoot a bolt. The bolt barely misses the acid dragon.
You shoot a bolt. The bolt hits the acid dragon.
The acid dragon is lightly wounded.
The acid dragon closely misses you. The acid dragon claws you.
The acid dragon bites you. The acid dragon barely misses you.
You shoot a bolt. The bolt hits the acid dragon.
The acid dragon is moderately wounded.
The acid dragon bites you but does no damage.
The acid dragon misses you. The acid dragon completely misses you.
The acid dragon barely misses you.
You shoot a bolt. The bolt barely misses the acid dragon.
The acid dragon spits acid at you.
The splash of acid hits you but does no damage.
You hear a shout! x2
You shoot a bolt. The bolt hits the acid dragon!
The acid dragon is severely wounded.
The acid dragon bites you! The acid dragon barely misses you.
The acid dragon closely misses you. x2
An orc comes into view. It is wielding a +0 trident.
You shoot a bolt. The bolt hits the acid dragon.
The acid dragon is almost dead.
The acid dragon bites you!
The acid dragon claws you but does no damage.
You shoot a bolt.
The bolt closely misses the acid dragon.
The acid dragon closely misses you. The acid dragon misses you.
The acid dragon spits acid at you. The splash of acid hits you!!
You die...

... ..# .... #.## ....#
##..# .. .......# #...##
..# ...........
###....#...#
...........##.#.........
................@D......
..........#.............
........##.............
#...##...##..(.......
#...#...##......o...
#.....###......##..
#.....####....## }
##....#......##
##............#


You could see an acid dragon (catching breath) and an orc.

Vanquished Creatures
  Prince Ribbit (D:7)
  Sigmund (D:5)
  2 water moccasins
  An ice beast (D:6)
  A black bear (D:8)
  3 centaurs (D:6)
  A bullfrog (D:8)
  A gnoll sergeant (D:6)
  A burial acolyte (D:7)
  3 howler monkeys
  2 bombardier beetles
  3 orc priests
  2 hounds
  A jelly (D:5)
  Jessica (D:2)
  A gnoll bouda (D:6)
  A sleepcap (D:6)
  4 iguanas
  3 orc wizards
  7 adders
  13 gnolls
  A shadow imp (D:7)
  2 white imps
  An adder zombie (D:7)
  A dart slug (D:1)
  A ribbon worm (D:2)
  16 orcs
  6 ball pythons
  2 bats (D:2)
  5 endoplasms
  6 giant cockroaches
  5 goblins
  3 hobgoblins
  7 kobolds
  A quokka (D:4)
  A frilled lizard (D:3)
  A jackal zombie (D:7)
  4 rats
116 creatures vanquished.

Notes
Turn   | Place    | Note
-------+----------+-------------------------------------------
     0 | D:1      | qw the Djinni Hunter began the quest for the Orb.
     0 | D:1      | Reached XP level 1. HP: 18/18 MP: 0/0
     0 | D:1      | 0 ||| qw: Version: 0.3-a-135-gb77e89d
     0 | D:1      | 0 ||| qw: Game counter: 949
     0 | D:1      | 0 ||| qw: Melee chars always use a shield: true
     0 | D:1      | 0 ||| qw: God list: Okawaru
     0 | D:1      | 0 ||| qw: Allow faded altars: false
     0 | D:1      | 0 ||| qw: Do Orc after clearing Dungeon:15 true
     0 | D:1      | 0 ||| qw: Do second Lair branch before Depths: true
     0 | D:1      | 0 ||| qw: Lair rune preference: random
     0 | D:1      | 0 ||| qw: Goals: Normal
     0 | D:1      | 0 ||| PLANNING D:1-11
    21 | D:1      | Found Kucheil's Distillery.
    28 | D:1      | 28 ||| SHOPLISTING 2 potions of cancellation (192 gold,
                  | have 19).
    28 | D:1      | 28 ||| SHOPLISTING 2 potions of haste (240 gold, have 19).
    28 | D:1      | 28 ||| SHOPLISTING potion of curing (36 gold, have 19).
    28 | D:1      | 28 ||| SHOPLISTING potion of heal wounds (60 gold, have
                  | 19).
    78 | D:1      | Reached XP level 2. HP: 22/23 MP: 0/0
   661 | D:1      | 661 ||| UPGRADING to amulet of faith.
   666 | D:1      | 666 ||| READING scroll labelled SOMI IT QYXZY.
   666 | D:1      | 666 ||| ENCHANTING +0 shortbow.
   667 | D:1      | 667 ||| READING scroll labelled ICAAWOTSUN.
   667 | D:1      | 667 ||| ENCHANTING +1 shortbow.
   668 | D:1      | 668 ||| READING scroll labelled MYOGUS REINI.
   672 | D:1      | 672 ||| READING scroll labelled ZICIOLUMO.
   714 | D:1      | 714 ||| DROPPING scroll of butterflies.
   745 | D:2      | 745 ||| READING scroll labelled AHOTRY HUNAARI.
   750 | D:2      | Reached XP level 3. HP: 28/28 MP: 0/0
   750 | D:2      | Learned a level 1 spell: Foxfire
   751 | D:2      | 751 ||| FLEEEEING.
   754 | D:2      | 754 ||| FLEEEEING.
   755 | D:2      | 755 ||| FLEEEEING.
   756 | D:2      | 756 ||| FLEEEEING.
   757 | D:2      | 757 ||| FLEEEEING.
   758 | D:2      | 758 ||| FLEEEEING.
   759 | D:2      | 759 ||| FLEEEEING.
   760 | D:2      | 760 ||| FLEEEEING.
   761 | D:2      | 761 ||| FLEEEEING.
   762 | D:2      | 762 ||| FLEEEEING.
   763 | D:2      | 763 ||| STAIRDANCE
   872 | D:2      | Reached skill level 4 in Ranged Weapons
   954 | D:2      | Found Rabluuji's Weapon Shoppe.
   963 | D:2      | 963 ||| UPGRADING to +0 ring mail.
   973 | D:2      | 973 ||| DROPPING +0 leather armour.
  1028 | D:2      | 1028 ||| READING scroll labelled HISU AFOCAUDEYX.
  1028 | D:2      | 1028 ||| IDENTIFYING yellow potion
  1084 | D:2      | Noticed Jessica
  1090 | D:2      | HP: 4/28 [Jessica/nerve-wracking pain (5)]
  1091 | D:2      | 1091 ||| DRINKING potion of heal wounds.
  1092 | D:2      | Killed Jessica
  1093 | D:2      | Reached skill level 1 in Armour
  1093 | D:2      | Reached XP level 4. HP: 31/33 MP: 0/0
  1106 | D:2      | Found Vunisebi's Assorted Antiques.
  1128 | D:2      | 1128 ||| SHOPLISTING potion of heal wounds (90 gold, have
                  | 74).
  1128 | D:2      | 1128 ||| BUYING scroll labelled ASEEGI MOATZI (18 gold).
  1128 | D:2      | Bought a scroll labelled ASEEGI MOATZI for 18 gold pieces
  1128 | D:2      | 1128 ||| BUYING scroll labelled RUVUT KEUGUGUU (18 gold).
  1128 | D:2      | Bought a scroll labelled RUVUT KEUGUGUU for 18 gold pieces
  1128 | D:2      | 1128 ||| BUYING scroll of identify (36 gold).
  1128 | D:2      | Bought a scroll of identify for 36 gold pieces
  1128 | D:2      | 1128 ||| SHOPLISTING scroll of teleportation (54 gold, have
                  | 2).
  1293 | D:2      | Found Qagoiwk's Assorted Antiques.
  1293 | D:2      | Found Zaixziudgh's Armour Emporium.
  1299 | D:2      | 1299 ||| SHOPLISTING sapphire ring (105 gold, have 13).
  1299 | D:2      | 1299 ||| SHOPLISTING scroll of identify (42 gold, have 13).
  1299 | D:2      | 1299 ||| SHOPLISTING wooden ring (105 gold, have 13).
  1301 | D:2      | 1301 ||| SHOPLISTING +2 hat (176 gold, have 13).
  1307 | D:2      | Found Puw Zitta's Magic Scroll Shoppe.
  1315 | D:2      | 1315 ||| SHOPLISTING 3 scrolls of identify (66 gold, have
                  | 13).
  1315 | D:2      | 1315 ||| SHOPLISTING scroll of enchant armour (82 gold,
                  | have 13).
  1315 | D:2      | 1315 ||| SHOPLISTING scroll of identify (22 gold, have 13).
  1473 | D:2      | 1473 ||| READING 2 scrolls of identify.
  1473 | D:2      | 1473 ||| IDENTIFYING scroll labelled ASEEGI MOATZI
  1474 | D:2      | 1474 ||| READING scroll of identify.
  1474 | D:2      | 1474 ||| IDENTIFYING scroll labelled RUVUT KEUGUGUU
  1475 | D:2      | 1475 ||| READING scroll labelled WOHAMP YLUCHEH.
  1576 | D:2      | 1576 ||| DROPPING scroll of blinking.
  1577 | D:2      | 1577 ||| DROPPING scroll of revelation.
  1641 | D:3      | Found a faded altar of an unknown god.
  1665 | D:3      | 1665 ||| READING scroll labelled MIGRUA POUKO.
  1788 | D:3      | Reached skill level 3 in Fighting
  1827 | D:3      | Reached XP level 5. HP: 40/40 MP: 0/0
  1827 | D:3      | Learned a level 2 spell: Lesser Beckoning
  1838 | D:3      | Noticed a water moccasin
  1839 | D:3      | 1839 ||| ZAPPING wand of iceblast (8) at -2,-4 (water
                  | moccasin; floor).
  1840 | D:3      | 1840 ||| ZAPPING wand of iceblast (7) at -2,-3 (water
                  | moccasin; floor).
  1840 | D:3      | Killed a water moccasin
  1841 | D:3      | Reached XP level 6. HP: 46/46 MP: 0/0
  1872 | D:3      | Reached skill level 5 in Ranged Weapons
  1877 | D:3      | Found an ornate altar of the Wu Jian Council.
  1918 | D:3      | 1918 ||| READING scroll of identify.
  1918 | D:3      | 1918 ||| IDENTIFYING fizzy red potion
  1919 | D:3      | 1919 ||| DRINKING potion of mutation.
  1919 | D:3      | Gained mutation: You are partially covered in iridescent
                  | scales. (AC +2) [potion of mutation]
  1919 | D:3      | Gained mutation: You have a beak for a mouth. [potion of
                  | mutation]
  1919 | D:3      | Gained mutation: You are robust. (+10% HP) [potion of
                  | mutation]
  1932 | D:3      | 1932 ||| READING scroll labelled TEIDGH PEGU.
  2340 | D:4      | Reached skill level 3 in Dodging
  2352 | D:4      | 2352 ||| DRINKING pink potion.
  2353 | D:4      | 2353 ||| DRINKING bubbling amethyst potion.
  2354 | D:4      | 2354 ||| DRINKING dark potion.
  2572 | D:4      | Reached XP level 7. HP: 57/57 MP: 0/0
  2572 | D:4      | Learned a level 2 spell: Blink
  2730 | D:4      | 2730 ||| UPGRADING to ring of see invisible.
  2731 | D:4      | 2731 ||| READING 2 scrolls of identify.
  2731 | D:4      | 2731 ||| IDENTIFYING scroll labelled TUUGITY VIKKAS
  2732 | D:4      | 2732 ||| DROPPING scroll of poison.
  2845 | D:4      | Found a stormy altar of Qazlal.
  2952 | D:4      | 2952 ||| DRINKING 2 potions of mutation.
  2952 | D:4      | Lost mutation: You are robust. (+10% HP) [potion of
                  | mutation]
  2952 | D:4      | Lost mutation: You have a beak for a mouth. [potion of
                  | mutation]
  2952 | D:4      | Gained mutation: You have hidden genetic potential. [potion
                  | of mutation]
  2952 | D:4      | Gained mutation: You are mostly covered in iridescent
                  | scales. (AC +4) [potion of mutation]
  2952 | D:4      | Gained mutation: You have great hidden genetic potential.
                  | [potion of mutation]
  2953 | D:4      | 2953 ||| DRINKING potion of mutation.
  2953 | D:4      | Lost mutation: You have great hidden genetic potential.
                  | [potion of mutation]
  2953 | D:4      | Lost mutation: You are mostly covered in iridescent scales.
                  | (AC +4) [potion of mutation]
  2953 | D:4      | Gained mutation: Your mind is acute. (Int +4, Str/Dex -1)
                  | [potion of mutation]
  2953 | D:4      | Gained mutation: Your mind is very acute. (Int +8, Str/Dex
                  | -2) [potion of mutation]
  2992 | D:5      | Entered Level 5 of the Dungeon
  3138 | D:5      | Noticed a water moccasin
  3140 | D:5      | 3140 ||| ZAPPING wand of iceblast (6) at 0,-4 (water
                  | moccasin; floor).
  3141 | D:5      | 3141 ||| ZAPPING wand of iceblast (5) at 0,-3 (water
                  | moccasin; floor).
  3141 | D:5      | Killed a water moccasin
  3296 | D:5      | Noticed Sigmund
  3297 | D:5      | 3297 ||| ZAPPING wand of iceblast (4) at 2,-1 (floor).
  3298 | D:5      | 3298 ||| ZAPPING wand of iceblast (3) at 2,-1 (Sigmund;
                  | floor).
  3299 | D:5      | 3299 ||| ZAPPING wand of iceblast (2) at 2,-1 (Sigmund;
                  | floor).
  3300 | D:5      | 3300 ||| ZAPPING wand of iceblast (1) at 2,-1 (Sigmund;
                  | floor).
  3300 | D:5      | Killed Sigmund
  3301 | D:5      | Reached skill level 6 in Ranged Weapons
  3301 | D:5      | Reached XP level 8. HP: 54/58 MP: 0/0
  3302 | D:5      | Gained mutation: Your muscles are strong. (Str +4, Int/Dex
                  | -1) [hidden potential]
  4002 | D:5      | 4002 ||| SWAPPING to +0 arbalest.
  4015 | D:5      | Reached skill level 7 in Ranged Weapons
  4015 | D:5      | 4015 ||| DROPPING +1 shortbow.
  4119 | D:5      | 4119 ||| UPGRADING to +0 cloak.
  4124 | D:5      | 4124 ||| UPGRADING to +0 pair of gloves.
  4129 | D:5      | 4129 ||| READING scroll of enchant armour.
  4129 | D:5      | 4129 ||| ENCHANTING +0 pair of gloves.
  4130 | D:5      | 4130 ||| UPGRADING to +6 ring of dexterity.
  4131 | D:5      | 4131 ||| READING scroll of identify.
  4131 | D:5      | 4131 ||| IDENTIFYING puce potion
  4132 | D:5      | 4132 ||| READING scroll labelled RESEHE EQAMOD.
  4133 | D:5      | 4133 ||| DRINKING 2 metallic emerald potions.
  4159 | D:5      | 4159 ||| DROPPING potion of lignification.
  4223 | D:6      | 4223 ||| RETREEEEATING.
  4224 | D:6      | 4224 ||| RETREEEEATING.
  4229 | D:6      | 4229 ||| RETREEEEATING.
  4303 | D:6      | 4303 ||| FLEEEEING.
  4462 | D:6      | 4462 ||| READING scroll of enchant weapon.
  4462 | D:6      | 4462 ||| ENCHANTING +0 arbalest.
  4476 | D:6      | 4476 ||| READING scroll of enchant weapon.
  4476 | D:6      | 4476 ||| ENCHANTING +1 arbalest.
  4804 | D:6      | Found Ojamnox's Elemental Accessories.
  4861 | D:6      | Found a white marble altar of Elyvilon.
  5145 | D:6      | Reached XP level 9. HP: 62/65 MP: 0/0
  5145 | D:6      | Learned a level 3 spell: Summon Ice Beast
  5259 | D:6      | 5259 ||| DROPPING scarf of invisibility.
  5260 | D:6      | 5260 ||| UPGRADING to +0 helmet.
  5265 | D:6      | 5265 ||| READING scroll of identify.
  5265 | D:6      | 5265 ||| IDENTIFYING lumpy cyan potion
  5266 | D:6      | 5266 ||| DROPPING potion of magic.
  5328 | D:7      | Reached skill level 8 in Ranged Weapons
  5405 | D:7      | Identified the ring "Sohaf" {AC+4 Int+3}
  5573 | D:7      | Noticed Prince Ribbit
  5578 | D:7      | Killed Prince Ribbit
  5579 | D:7      | Reached skill level 3 in Armour
  5760 | D:7      | Found a staircase to the Ecumenical Temple.
  5761 | D:7      | 5761 ||| PLANNING TEMPLE
  5761 | D:7      | 5761 ||| UPGRADING to +0 ring mail of poison resistance.
  5771 | D:7      | 5771 ||| DROPPING +0 ring mail.
  5772 | D:7      | 5772 ||| READING scroll of identify.
  5772 | D:7      | 5772 ||| IDENTIFYING golden potion
  5773 | D:7      | 5773 ||| READING scroll labelled SAH YPSASTIUMNI.
  5774 | D:7      | 5774 ||| DROPPING potion of degeneration.
  5780 | Temple   | Entered the Ecumenical Temple
  5781 | Temple   | 5781 ||| PLANNING D:1-11
  5869 | D:8      | Reached skill level 6 in Dodging
  5875 | D:8      | Killed from afar by an acid dragon

Levels and vault maps discovered:
D:1:      minmay_arrival_stair_chambers, layout_loops_cross, serial_shops, shop
D:2:      minmay_inner_zag, layout_loops_ring, serial_shops, shop, shop, shop,
          shop, shop, uniq_jessica
D:3:      layout_basic, nzn_wu_jian_council_hall, shapermc_ecumenical_altar_venn
D:4:      layout_loops_corners, mainiacjoe_overflow_alcove_1, grunt_decor_cap,
          minmay_stone_trees_small
D:5:      layout_basic, uniq_sigmund
D:6:      layout_basic, nicolae_elyvilon_temple_path, nicolae_elemental_shop,
          minmay_misc_feat_room, grunt_ministairs_7, dreamdust_princess_corridor
D:7:      layout_basic, lemuel_zombie_altar_kikubaaqudgha,
          minmay_temple_entry_fiery, uniq_prince_ribbit1
D:8:      layout_cave_pools, okawaru_ov_weapons_minmay,
          nicolae_tso_swordbearing_angel, grunt_ministairs_10,
          kennysheep_generic_room_7
Temple:   hellmonk_temple_two_chambers

Skill      XL: |  1  2  3  4  5  6  7  8  9 |
---------------+----------------------------+-----
Ranged Weapons | 4 5 6 7 8 |  8.0
Armour         | 1 2 3 |  3.9
Fighting       | 3 4 5 |  5.0
Dodging        | 3 5 6 |  6.0
Stealth        | |  0.7

Action                     |  1- 3 |  4- 6 |  7- 9 || total
---------------------------+-------+-------+-------++-------
   Fire: Shortbow          |    59 |   114 |    59 ||   232
         Arbalest          |       |       |   134 ||   134
  Evoke: Wand              |       |     2 |     6 ||     8
    Use: Scroll            |     6 |     6 |     9 ||    21
         Potion            |     1 |     4 |     3 ||     8
 Armour: Leather armour    |     7 |       |       ||     7
         Ring mail         |     1 |    45 |    78 ||   124
  Dodge: Dodged            |    13 |    33 |    83 ||   129

Table legend:
 A = Non-vault XP
 B = Vault XP
 C = Vault XP percentage of total XP
 D = Non-vault monster count
 E = Vault monster count
 F = Vault count percentage of total count
                 A         B        C        D         E       F
            +---------+---------+-------+---------+---------+-------
      Total |    2021 |     924 |  31.4 |     103 |      13 |  11.2
            +---------+---------+-------+---------+---------+-------
        D:1 |      25 |       0 |   0.0 |      13 |       0 |   0.0
        D:2 |      47 |      45 |  48.9 |      12 |       5 |  29.4
        D:3 |     187 |       0 |   0.0 |      12 |       0 |   0.0
        D:4 |     250 |       0 |   0.0 |      16 |       0 |   0.0
        D:5 |     491 |     239 |  32.7 |      17 |       1 |   5.6
        D:6 |     718 |     172 |  19.3 |      24 |       2 |   7.7
        D:7 |     218 |     342 |  61.1 |       8 |       4 |  33.3
        D:8 |      85 |     126 |  59.7 |       1 |       1 |  50.0
            +---------+---------+-------+---------+---------+-------
